 Dungeon Crawl Stone Soup version 0.29-a0-90-gc37658a0fe (webtiles) character file.

Game seed: 1175048647533836517

72 lordive the Ruffian (level 4, 0/35 HPs)
             Began as a Draconian Transmuter on Feb 6, 2022.
             Slain by a gnoll (7 damage)
             ... on level 4 of the Dungeon.
             The game lasted 00:01:46 (2532 turns).

lordive the Ruffian (Draconian Transmuter)          Turns: 2532, Time: 00:01:46

Health: 0/35       AC:  5    Str: 13    XL:     4   Next: 7%
Magic:  6/7        EV: 12    Int: 15    God:
Gold:   78         SH:  0    Dex: 11    Spells: 3/7 levels left

rFire   . . .      SeeInvis .     - Unarmed
rCold   . . .      Faith    .   (no shield)
rNeg    . . .      Spirit   .   (armour unavailable)
rPois   .          Reflect  .   (helmet currently unavailable)
rElec   .          Harm     .   (no cloak)
rCorr   .          Rampage  .   (no gloves)
Will    .....                   (boots currently unavailable)
Stlth   +.........              (no amulet)
HPRegen 0.11/turn               (no ring)
MPRegen 0.10/turn               (no ring)

@: appendages
A: horns 2, talons 2, AC +5, unfitting armour, cold-blooded
a: End Transformation


You were on level 4 of the Dungeon.
You had temporarily grown beastly horns and talons.
You visited 1 branch of the dungeon, and saw 4 of its levels.

You collected 78 gold pieces.

Inventory:

Scrolls
 b - a scroll of vulnerability {unknown}
 c - 3 scrolls of teleportation {unknown}
 d - 2 scrolls of fog {unknown}
 e - a scroll of enchant armour {unknown}
 f - a scroll of blinking {unknown}
Potions
 a - 3 potions of curing {unknown}
 g - a potion of ambrosia {unknown}
 h - a potion of lignification {unknown}
 i - 3 potions of mutation {unknown}


   Skills:
 + Level 1.1 Fighting
 + Level 2.0 Dodging
 + Level 0.6 Stealth
 + Level 4.1 Unarmed Combat
 + Level 2.4 Spellcasting
 + Level 2.3 Transmutations


You had 3 spell levels left.
You knew the following spells:

 Your Spells              Type           Power      Damage    Failure   Level
a - Beastly Appendage     Tmut           16%        N/A       9%          1
b - Spider Form           Tmut/Pois      5%         N/A       36%         3

Your spell library contained the following spells:

 Spells                   Type           Power      Damage    Failure   Level
 Wereblood                Tmut           8%         N/A       12%         2
 Ice Form                 Ice/Tmut       5%         N/A       78%         4


Dungeon Overview and Level Annotations

Branches:
Dungeon (4/15)
 Temple: D:4-7

Altars:

Annotations:
D:2 1 runed translucent door, Crazy Yiuf


Innate Abilities, Weirdness & Mutations

You have temporarily grown beastly horns and talons.
Your plain brown scales are hard. (AC +5)
You cannot fit into any form of body armour.
You are cold-blooded and may be slowed by cold attacks.


Message History

2 gnolls come into view.
The gnoll shouts!
The gnoll moves out of view.
A gnoll is nearby!
You miscast Beastly Appendage.
You are very lightly contaminated with residual magic.
Nothing appears to happen.
A bat comes into view. 2 gnolls come into view.
The gnoll shouts! x2
The bat hits you but does no damage.
The gnoll throws a throwing net.
The throwing net barely misses you.
You see here a throwing net.
The bat barely misses you. x2
The bat hits you but does no damage.
The gnoll shouts!
The bat barely misses you. The bat closely misses you.
You hit the bat but do no damage. The bat misses you.
You closely miss the bat. The bat hits you but does no damage. x2
You hit the bat.
You kill the bat!
Your magical contamination has completely faded away.
The gnoll hits you with a +0 flail.
The gnoll hits you from afar with a +0 spear.
The gnoll hits you with a +0 flail! The gnoll barely misses you.
There is a stone staircase leading down here.
The gnoll hits you with a +0 flail!
You climb downwards.
There is a stone staircase leading up here.
You are too injured to fight recklessly!
You are too injured to fight recklessly!
The gnoll barely misses you.
Casting: Beastly Appendage (safe; 9% risk of failure)
Confirm with . or Enter, or press ? or * to list all spells.
You grow a pair of large bovine horns.
Your feet morph into talons.
The gnoll hits you with a +0 flail.
* * * LOW HITPOINT WARNING * * *
You barely miss the gnoll. The gnoll hits you with a +0 flail!
You die...

........##
........#
........#
#.......#
###......###
..###...........
........g.......
#.....<@.......
#.##...........
#...........
.............
......#...#....
.........#......
.........##.#...
.......... .. ##


You could see a gnoll.

Vanquished Creatures
  2 adders (D:2)
  2 worms (D:2)
  A dart slug (D:1)
  5 endoplasms
  4 goblins
  A hobgoblin (D:2)
  8 jackals
  2 kobolds
  3 quokkas
  4 ball pythons
  4 bats
  4 frilled lizards
  3 rats
43 creatures vanquished.

Notes
Turn   | Place    | Note
-------+----------+-------------------------------------------
     0 | D:1      | lordive the Draconian Transmuter began the quest for the
                  | Orb.
     0 | D:1      | Reached XP level 1. HP: 16/16 MP: 3/3
   105 | D:1      | Reached XP level 2. HP: 23/23 MP: 5/5
   684 | D:1      | Found a faded altar of an unknown god.
  1007 | D:2      | Reached XP level 3. HP: 28/28 MP: 4/6
  1072 | D:2      | Learned a level 3 spell: Spider Form
  1354 | D:2      | Found a runed translucent door.
  1355 | D:2      | Noticed Crazy Yiuf
  1480 | D:2      | Reached skill level 4 in Unarmed Combat
  2046 | D:3      | Reached XP level 4. HP: 35/35 MP: 5/7
  2532 | D:4      | Slain by a gnoll

Illustrated notes

Levels and vault maps discovered:
D:1:      dpeg_arrival_round_b, layout_rooms, nicolae_ecumenical_lake_church,
          amcnicky_mini_pool_small
D:2:      layout_basic, uniq_crazy_yiuf_cottage
D:3:      layout_loops_ring
D:4:      layout_rooms, yredelemnul_forgotten_temple_becter, minmay_manual_mares

Skill      XL: |  1  2  3 |
---------------+----------+-----
Dodging        | 2 |  2.0
Unarmed Combat | 4 |  4.1
Fighting       | |  1.1
Stealth        | |  0.6
Spellcasting   | |  2.4
Transmutations | |  2.3

Action                   |  1- 3 |  4- 6 || total
-------------------------+-------+-------++-------
Melee: Unarmed           |   123 |    17 ||   140
       Kick              |    14 |     1 ||    15
       Tailslap          |     7 |     2 ||     9
       Headbutt          |     8 |       ||     8
       Punch             |     2 |     1 ||     3
 Cast: Beastly Appendage |    24 |     3 ||    27
 Stab: Sleeping          |       |     1 ||     1
Armor: Skin              |    42 |     6 ||    48
Dodge: Dodged            |    90 |    14 ||   104

Table legend: (Time is in decaauts)
 A = Elapsed time spent in this place.
 B = Non-inter-level travel time spent in this place.
 C = Inter-level travel time spent in this place.
 D = Time resting spent in this place.
 E = Time spent auto-exploring this place.
 F = Levels seen in this place.
 G = Mean time per level.
                   A        B        C        D        E       F      G
               +--------+--------+--------+--------+--------+-----+--------+
         Total |   2529 |   2457 |     72 |      0 |   2126 |   4 |  632.2 |
       Dungeon |   2529 |   2457 |     72 |      0 |   2126 |   4 |  632.2 |
               +--------+--------+--------+--------+--------+-----+--------+

Top non-repeatable levels by time:
     D:2: 1094 daAuts
     D:1: 896 daAuts
     D:3: 535 daAuts
     D:4: 2 daAuts
